 Dungeon Crawl Stone Soup version 0.31-a0-229-g1fc7ce93e2 (webtiles) character file.

Game seed: 2171190130617393215

455 qw the Shooter (level 6, -2/56 HPs)
             Began as a Minotaur Hexslinger on July 6, 2023.
             Slain by Duvessa
             ... wielding a +0 short sword
              (13 damage)
             ... on level 4 of the Dungeon.
             The game lasted 00:01:02 (2816 turns).

qw the Shooter (Minotaur Hexslinger)                Turns: 2816, Time: 00:01:03

Health: -2/56      AC:  6    Str: 13    XL:     6   Next: 76%
Magic:  6/6        EV: 12    Int: 10    God:
Gold:   861        SH:  0    Dex: 14    Spells: 6/7 levels left

rFire   + . .        b - +3 arbalest (heavy)
rCold   . . .        (shield currently unavailable)
rNeg    . . .        k - +3 leather armour of Sorcery {rF+ SInv}
rPois   .            (helmet restricted)
rElec   .            (no cloak)
rCorr   .            (no gloves)
SInv    +            (no boots)
Will    .....        m - amulet of regeneration
Stlth   +            (no ring)
HPRegen 1.09/turn    (no ring)
MPRegen 0.10/turn

%: no passive effects
@: no status effects
A: horns 2, retaliatory headbutt
a: no special abilities


You were on level 4 of the Dungeon.
You visited 1 branch of the dungeon, and saw 4 of its levels.

You collected 897 gold pieces.
You spent 36 gold pieces at shops.


Innate Abilities, Weirdness & Mutations

You have a pair of horns on your head.
You reflexively headbutt those who attack you in melee.


   Skills:
 - Level 5.1 Fighting
 + Level 6.5 Ranged Weapons
 - Level 2.1 Dodging
 - Level 1.0 Spellcasting
 - Level 2.0 Hexes


You had 6 spell levels left.
You knew the following spells:

 Your Spells              Type           Power      Damage    Failure   Level
a - Slow                  Hex            16%        N/A       19%         1

Your spell library contained the following spells:

 Spells                   Type           Power      Damage    Failure   Level
 Inner Flame              Hex/Fire       2%         N/A       65%         3
 Portal Projectile        Hex/Tloc       4%         N/A       65%         3
 Cause Fear               Hex            2%         N/A       88%         4

Inventory:

Hand Weapons
 b - a +3 heavy arbalest (weapon)
Armour
 k - the +3 leather armour of Sorcery (worn) {rF+ SInv}
   (You found it on level 2 of the Dungeon)

   rF:        It protects you from fire.
   SInv:      It lets you see invisible.
Jewellery
 m - an amulet of regeneration (around neck)
Scrolls
 a - 2 scrolls of identify
 g - 2 scrolls of teleportation
Potions
 d - 2 potions of curing
 e - a potion of heal wounds
 f - a potion of mutation
 h - a potion of berserk rage {unknown}
 j - a potion of degeneration {unknown}
 l - a potion of magic {unknown}

Dungeon Overview and Level Annotations

Branches:
Dungeon (4/15)
 Temple: D:4-7

Altars:
Qazlal
Ru
Zin

Shops:
D:2 !

Annotations:
D:4 Duvessa


Message History

Dowan, Brother of Duvessa comes into view.
He is wielding a +0 dagger.
Enter note:
Enter note:
Enter note:
Enter note:
Enter note:
Enter note: You shoot a bolt.
The bolt hits Dowan!!
You kill Dowan!
You hear a distant scream of rage.
Duvessa, Sister of Dowan comes into view.
She is wielding a +0 short sword.
Duvessa goes berserk!
Enter note:
Enter note:
Enter note:
Enter note:
Enter note:
Enter note: You shoot a bolt.
The bolt hits Duvessa!!
Duvessa is heavily wounded.
Duvessa hits you with a +0 short sword!
You shoot a bolt. The bolt barely misses Duvessa.
Duvessa closely misses you. You furiously retaliate!
You headbutt Duvessa, but do no damage. Duvessa closely misses you.
Duvessa hits you with a +0 short sword!
You shoot a bolt. The bolt hits Duvessa.
Duvessa is severely wounded.
Duvessa hits you with a +0 short sword. Duvessa closely misses you.
Duvessa hits you with a +0 short sword! Duvessa barely misses you.
You shoot a bolt. The bolt barely misses Duvessa.
Duvessa barely misses you. Duvessa hits you but does no damage.
Duvessa barely misses you.
You shoot a bolt. The bolt closely misses Duvessa.
Duvessa hits you with a +0 short sword. Duvessa hits you with a +0 short sword!
Duvessa barely misses you. Duvessa closely misses you.
You shoot a bolt. The bolt hits Duvessa!!
Duvessa is almost dead.
Duvessa hits you with a +0 short sword! Duvessa closely misses you.
Duvessa hits you with a +0 short sword!
You die...

##### ###.
########...# #...
#........# ...#
##.%.#....##
...#####....##....#
.#..##.....####...##
#......###.# #....##.#
.....### #.# ##.....#
......# #.# #@....#
......## #.....e..).##
....................#
............####.....#
........... ...#...#
#....##.... .........
#..### .### .......##
#.... . ..####..#
..#..#


You could see Duvessa (berserk).

Vanquished Creatures
  Sigmund (D:4)
  Dowan (D:4)
  An orc priest (D:3)
  2 iguanas (D:4)
  An orc wizard (D:3)
  5 adders
  A worm (D:3)
  5 dart slugs
  8 orcs (D:3)
  10 endoplasms
  2 giant cockroaches
  3 goblins
  5 hobgoblins
  4 jackals
  3 quokkas
  8 ball pythons
  6 bats
  3 frilled lizards (D:2)
  8 kobolds
  6 rats
83 creatures vanquished.

Notes
Turn   | Place    | Note
-------+----------+-------------------------------------------
     0 | D:1      | qw the Minotaur Hexslinger began the quest for the Orb.
     0 | D:1      | Reached XP level 1. HP: 16/16 MP: 1/1
     0 | D:1      | 0 ||| qw: Version: 0.3-a-46-gb1f654a
     0 | D:1      | 0 ||| qw: Game counter: 1247
     0 | D:1      | 0 ||| qw: Melee chars always use a shield: true
     0 | D:1      | 0 ||| qw: God list: Okawaru
     0 | D:1      | 0 ||| qw: Allow faded altars: false
     0 | D:1      | 0 ||| qw: Do Orc after clearing Dungeon:15 true
     0 | D:1      | 0 ||| qw: Do second Lair branch before Depths: true
     0 | D:1      | 0 ||| qw: Lair rune preference: random
     0 | D:1      | 0 ||| qw: Goals: Normal
     0 | D:1      | 0 ||| PLANNING D:1-11
    74 | D:1      | 74 ||| Stepping ~*~*~tactically~*~*~ (water).
    76 | D:1      | 76 ||| Stepping ~*~*~tactically~*~*~ (water).
    90 | D:1      | 90 ||| FLEEEEING.
    91 | D:1      | 91 ||| FLEEEEING.
   119 | D:1      | Reached skill level 3 in Ranged Weapons
   119 | D:1      | Reached XP level 2. HP: 23/23 MP: 2/2
   394 | D:1      | Reached XP level 3. HP: 25/29 MP: 3/3
   965 | D:1      | 965 ||| READING scroll labelled EDDUWN PISAISS.
   966 | D:1      | 966 ||| READING scroll labelled ZAZILU WABLAEF.
   967 | D:1      | 967 ||| READING scroll labelled HYANAMEANK.
   968 | D:1      | 968 ||| DRINKING 2 glowing coppery potions.
   969 | D:1      | 969 ||| DROPPING scroll of poison.
  1010 | D:2      | Found a faded altar of an unknown god.
  1019 | D:2      | Reached skill level 4 in Ranged Weapons
  1033 | D:2      | Found Kuesiho's Distillery.
  1047 | D:2      | 1047 ||| SHOPLISTING 2 potions of curing (72 gold, have
                  | 59).
  1047 | D:2      | 1047 ||| BUYING potion of curing (36 gold).
  1047 | D:2      | Bought a potion of curing for 36 gold pieces
  1047 | D:2      | 1047 ||| SHOPLISTING potion of heal wounds (60 gold, have
                  | 23).
  1047 | D:2      | 1047 ||| SHOPLISTING potion of mutation (96 gold, have 23).
  1047 | D:2      | 1047 ||| SHOPLISTING potion of resistance (120 gold, have
                  | 23).
  1056 | D:2      | 1056 ||| Stepping ~*~*~tactically~*~*~ (outnumbered).
  1073 | D:2      | Found a glowing silver altar of Zin.
  1078 | D:2      | Identified the +3 leather armour of Sorcery {rF+ SInv}
  1178 | D:2      | Reached XP level 4. HP: 36/36 MP: 4/4
  1201 | D:2      | 1201 ||| SWAPPING to +0 shortbow.
  1202 | D:2      | 1202 ||| DROPPING +2 sling.
  1684 | D:2      | 1684 ||| UPGRADING to +0 ring mail.
  1694 | D:2      | 1694 ||| DROPPING +0 robe.
  1695 | D:2      | 1695 ||| UPGRADING to +3 leather armour of Sorcery {rF+
                  | SInv}.
  1705 | D:2      | 1705 ||| DROPPING +0 ring mail.
  1706 | D:2      | 1706 ||| DROPPING +0 leather armour of cold resistance.
  1707 | D:2      | 1707 ||| READING scroll labelled MOEFOY RIRA.
  1708 | D:2      | 1708 ||| READING 2 scrolls labelled ARCHAE ASIEWK.
  1708 | D:2      | Identified 2 scrolls of acquirement
  1708 | D:2      | 1708 ||| ACQUIRING 784 gold pieces
  1708 | D:2      | Acquired 784 gold pieces
  1709 | D:2      | 1709 ||| READING scroll of acquirement.
  1709 | D:2      | 1709 ||| ACQUIRING +3 heavy arbalest
  1709 | D:2      | Acquired a +3 heavy arbalest
  1711 | D:2      | 1711 ||| SWAPPING to +3 heavy arbalest.
  1712 | D:2      | 1712 ||| DROPPING +0 shortbow.
  1713 | D:2      | 1713 ||| READING scroll labelled OTTON QOUPHOLEL.
  1717 | D:2      | 1717 ||| DRINKING 2 fizzy golden potions.
  1748 | D:2      | 1748 ||| READING 2 scrolls of identify.
  1748 | D:2      | 1748 ||| IDENTIFYING murky sapphire potion
  1749 | D:2      | 1749 ||| DROPPING potion of lignification.
  1775 | D:3      | Reached skill level 5 in Ranged Weapons
  1866 | D:3      | Reached skill level 3 in Fighting
  1866 | D:3      | Reached XP level 5. HP: 23/45 MP: 5/5
  1970 | D:3      | Found a glowing silver altar of Zin.
  1981 | D:3      | Found a stormy altar of Qazlal.
  2496 | D:3      | 2496 ||| UPGRADING to amulet of regeneration.
  2501 | D:3      | 2501 ||| READING scroll labelled BYCHEH KAUGYDY.
  2502 | D:3      | 2502 ||| READING scroll labelled OMER QIDARAE.
  2548 | D:4      | Found a sacrificial altar of Ru.
  2555 | D:4      | Identified the +0 chain mail "Zipnoad" {Will+ Str+4 SInv
                  | Stlth+}
  2655 | D:4      | Reached skill level 6 in Ranged Weapons
  2727 | D:4      | Noticed Sigmund
  2734 | D:4      | Killed Sigmund
  2735 | D:4      | Reached XP level 6. HP: 46/56 MP: 6/6
  2801 | D:4      | Noticed Dowan
  2802 | D:4      | Killed Dowan
  2810 | D:4      | Noticed Duvessa
  2816 | D:4      | HP: 11/56 [Duvessa/+0 short sword (12)]
  2816 | D:4      | Slain by Duvessa

Levels and vault maps discovered:
D:1:      dpeg_arrival_refuge, layout_basic, chequers_serial_rivers_large_a,
          corexii_hall_statues_s
D:2:      layout_loops_ring, ebering_ecumenical_altar_abandoned, serial_shops,
          shop, basic_altar
D:3:      layout_basic, amethyst_overflow_temple_binary
D:4:      layout_layer_cave, nicolae_overflow_hidden_temple, uniq_sigmund,
          uniq_duvessa, uniq_crazy_yiuf_cottage, uniq_natasha

Skill      XL: |  1  2  3  4  5 |
---------------+----------------+-----
Ranged Weapons | 3 4 5 6 |  6.5
Fighting       | 2 3 5 |  5.1
Dodging        | |  2.1
Spellcasting   | |  1.0
Hexes          | |  2.0

Action                     |  1- 3 |  4- 6 || total
---------------------------+-------+-------++-------
   Fire: Sling             |   111 |     3 ||   114
         Shortbow          |       |    21 ||    21
         Arbalest          |       |    67 ||    67
    Use: Scroll            |     3 |     7 ||    10
         Potion            |     1 |     1 ||     2
 Armour: Robe              |     8 |     1 ||     9
         Leather armour    |       |    12 ||    12
  Dodge: Dodged            |    24 |    40 ||    64

Table legend:
 A = Non-vault XP
 B = Vault XP
 C = Vault XP percentage of total XP
 D = Non-vault monster count
 E = Vault monster count
 F = Vault count percentage of total count
                 A         B        C        D         E       F
            +---------+---------+-------+---------+---------+-------
      Total |     358 |     292 |  44.9 |      81 |       2 |   2.4
            +---------+---------+-------+---------+---------+-------
        D:1 |      54 |       0 |   0.0 |      32 |       0 |   0.0
        D:2 |      79 |       0 |   0.0 |      18 |       0 |   0.0
        D:3 |     131 |       0 |   0.0 |      24 |       0 |   0.0
        D:4 |      94 |     292 |  75.6 |       7 |       2 |  22.2
            +---------+---------+-------+---------+---------+-------
